 Dungeon Crawl Stone Soup version 0.20.1 (webtiles) character file.

101 KleinerIrrer the Ducker (level 4, 0/28 HPs)
             Began as an Octopode Transmuter on July 2, 2017.
             Slain by Natasha (3 damage)
             ... on level 3 of the Dungeon.
             The game lasted 00:08:10 (3656 turns).

KleinerIrrer the Ducker (Octopode Transmuter)       Turns: 3656, Time: 00:08:13

Health: 0/28       AC:  1    Str:  8 (10) XL:     4   Next: 75%
Magic:  3/8        EV: 14    Int: 13 (15) God:
Gold:   89         SH:  0    Dex: 12      Spells: 5/8 levels left

rFire    . . .     SeeInvis .     - Unarmed
rCold    . . .     Gourm    .   (no shield)
rNeg     . . .     Faith    .   (helmet restricted)
rPois    .         Spirit   .   f - amulet of magic regeneration
rElec    .         Reflect  .   (no ring)
rCorr    .         Harm     .   (no ring)
MR       .....                  (no ring)
Stlth    ++........             (no ring)
Regen    0.1/turn               (no ring)
MPRegen  0.2/turn               (no ring)
                                (no ring)
                                (no ring)

@: very slightly contaminated, slowed, very slow
A: almost no armour, stealthy swim, amphibious, 8 rings, constrict 8, camouflage
1, gelatinous body 1
a: no special abilities


You were on level 3 of the Dungeon.
You were hungry.

You visited 1 branch of the dungeon, and saw 3 of its levels.

You collected 89 gold pieces.

Inventory:

Hand Weapons
 o - a +0 hand crossbow
Missiles
 a - 32 arrows
 r - 27 bolts
Armour
 e - a +0 shield
Jewellery
 f - an amulet of magic regeneration (around mantle)
Scrolls
 d - 6 scrolls of identify {unknown}
 g - 4 scrolls of remove curse {unknown}
 l - a scroll of teleportation {unknown}
 m - a scroll of fear {unknown}
Potions
 h - 3 potions of heal wounds {unknown}
 i - 2 potions of mutation {unknown}
 j - a potion of agility
 q - a potion of curing {unknown}
Books
 b - a book of Changes

   Spells                             Type                      Level
   a - Beastly Appendage              Transmutation                1
   b - Sticks to Snakes               Transmutation                2
   c - Spider Form                    Transmutation/Poison         3
   d - Ice Form                       Ice/Transmutation            4
   e - Blade Hands                    Transmutation                5
Comestibles
 c - 3 bread rations
 k - a meat ration
 p - a fruit
 s - a royal jelly


   Skills:
 - Level 1.0 Fighting
 * Level 3.2 Dodging
 - Level 0.4 Stealth
 - Level 0.6 Shields
 - Level 3.0 Unarmed Combat
 + Level 2.7 Spellcasting
 * Level 3.1 Transmutations


You had 5 spell levels left.
You knew the following spells:

 Your Spells              Type           Power        Failure   Level  Hunger
a - Beastly Appendage     Tmut           #.....       7%          1    #......
b - Sticks to Snakes      Tmut           #.......     10%         2    ###....


Dungeon Overview and Level Annotations

Branches:
Dungeon (3/15)

Altars:

Annotations:
D:3 Natasha


Innate Abilities, Weirdness & Mutations

You cannot wear most types of armour.
You are very stealthy in the water. (Stealth+)
You are amphibious.
You can wear up to eight rings at the same time.
You can use your tentacles to constrict eight enemies at once.
Your skin changes colour to match your surroundings (Stealth+).
Your rubbery body absorbs attacks. (AC +1, EV +1)


Message History

The iron imp sputters.
The iron imp barely misses your adder.
Casting: Sticks to Snakes
Confirm with . or Enter, or press ? or * to list all spells.
You create a snake!
You now have 32 arrows.
You constrict the iron imp, but do no damage.
Your adder bites the iron imp but does no damage.
Natasha casts a spell at you. You resist with some effort.
The iron imp hits you.
Your adder bites the iron imp but does no damage.
You release your grip on the iron imp.
Natasha claws you.
Your adder barely misses Natasha.
The iron imp hits your adder. Natasha barely misses you.
Your adder closely misses Natasha.
You miss Natasha. Your grab misses Natasha. Your squeeze misses Natasha.
Your adder bites the iron imp.
The iron imp is poisoned.
Your adder poisons the iron imp!
Your adder completely misses Natasha.
The iron imp hits you!
* * * LOW HITPOINT WARNING * * *
Natasha claws you.
You die...

### #<# #.# #.#
#.# #S####
#@h..#
#5##.#####
##S......####
#.g'5.........#
#.##..........#
.. #..........#
## ###........#
..........#
.......#####


You could see 2 iron imps, Natasha and 2 friendly adders.

Vanquished Creatures
  Natasha (D:3)
  An adder (D:2)
  2 oozes (D:1)
  4 worms (D:2)
  A dart slug (D:1)
  3 giant cockroaches
  7 goblins
  6 hobgoblins
  3 jackals (D:2)
  5 kobolds
  A quokka (D:2)
  3 ball pythons (D:2)
  5 bats
  5 frilled lizards
  5 rats
52 creatures vanquished.

Vanquished Creatures (collateral kills)
  An orc (D:3)
  A rat (D:3)
2 creatures vanquished.

Grand Total: 54 creatures vanquished

Notes
Turn   | Place    | Note
-------+----------+-------------------------------------------
     0 | D:1      | KleinerIrrer the Octopode Transmuter began the quest for the Orb.
     0 | D:1      | Reached XP level 1. HP: 13/13 MP: 3/3
   382 | D:1      | Reached XP level 2. HP: 12/18 MP: 5/5
  1057 | D:1      | Reached XP level 3. HP: 23/23 MP: 4/6
  2217 | D:2      | Reached XP level 4. HP: 28/28 MP: 5/7
  2381 | D:2      | Learned a level 2 spell: Sticks to Snakes
  3441 | D:3      | Noticed Natasha
  3458 | D:3      | Killed Natasha
  3571 | D:3      | Noticed Natasha
  3656 | D:3      | Slain by Natasha

Skill      XL: |  1  2  3  4 |
---------------+-------------+-----
Dodging        | 3 |  3.2
Transmutations | 3 |  3.1
Fighting       | |  1.0
Stealth        | |  0.4
Shields        | |  0.6
Unarmed Combat | |  3.0
Spellcasting   | |  2.7

Action                   |  1- 3 |  4- 6 || total
-------------------------+-------+-------++-------
Melee: Unarmed           |   114 |    45 ||   159
       Constrict         |    25 |    15 ||    40
       Tentacles         |    10 |     6 ||    16
       Punch             |     2 |       ||     2
       Kick              |    10 |    12 ||    22
 Cast: Beastly Appendage |    17 |    14 ||    31
       Sticks to Snakes  |       |     6 ||     6
  Use: Potion            |     2 |       ||     2
 Stab: Sleeping          |     5 |     5 ||    10
  Eat: Chunk             |     4 |     5 ||     9
Armor: Skin              |     7 |     1 ||     8
Dodge: Dodged            |    58 |    22 ||    80
Block: Shield            |     8 |       ||     8
